Map: Dusty Gorge

Players

KobeU - Winner!

  • Race: Zerg Zerg
  • Spawn Location: 5:00

PureLegacy - Winner!

  • Race: Terran Terran
  • League: Master
  • Spawn Location: 3:00

Revolution

  • Race: Terran Terran
  • League: Diamond
  • Spawn Location: 11:00

Catbasher

  • Race: Zerg Zerg
  • League: Diamond
  • Spawn Location: 9:00

VOD

Have the link to the VOD?

Description

Time

  • Played on: Dec. 3, 2018, 2:39 p.m.
  • Length: 7:35
Show
View Real Time Build Order
Export as new Build Order

KobeU Zerg - Winner!

Build Orders: 1 Base Baneling Bust, Pool First, Zergling Baneling 

Get SALT Encoding   

  12  0:02  Drone  
  13  0:22  Spawning Pool  
  13  0:25  Extractor  
  11  0:29  Drone  
  11  0:34  Drone  
  13  0:39  Drone  
  14  0:52  Overlord  
  14  1:12  Baneling Nest, Zergling x2  
  14  1:13  Zergling x2  
  14  1:15  Zergling x2  
  16  1:25  Zergling x2  
  17  2:02  Spine Crawler  
  17  2:04  Spine Crawler  
  17  2:08  Baneling x4  
  15  2:11  Baneling x2  
  15  2:12  Zergling x2  
  16  2:22  Spine Crawler  
  12  2:32  Zergling x6  
  15  2:47  Zergling x2  
  16  3:16  Metabolic Boost  
  16  3:19  Queen  
  18  3:24  Baneling x2  
  18  3:26  Drone x3  
  21  3:41  Overlord  
  21  3:54  Drone  
  22  4:06  Hatchery  
  22  4:10  Drone  
  22  4:13  Drone  
  23  4:24  Queen  
  25  4:34  Zergling x6  
  27  4:55  Drone  
  27  4:56  Drone  
  27  4:58  Overlord  
  29  5:06  Roach Warren  
  27  5:52  Drone  
  27  5:53  Drone x9  
  32  5:59  Extractor  
  31  6:04  Evolution Chamber  
  31  6:05  Overlord x2  
  30  6:23  Overlord  
  30  6:38  Roach  
  30  6:39  Roach x4  
  42  6:54  Roach x3  
  42  6:55  Roach  
  48  7:05  Roach x2  
Show
View Real Time Build Order
Export as new Build Order

PureLegacy Terran - Winner!

Build Orders:  

Get SALT Encoding   

  12  0:03  SCV  
  13  0:15  SCV  
  13  0:20  Supply Depot  
  14  0:27  SCV  
  15  0:33  Refinery  
  15  0:42  SCV  
  16  0:47  Barracks  
  16  0:54  SCV  
  17  1:10  Barracks  
  17  1:15  Barracks  
  17  1:21  SCV  
  18  1:39  Reaper  
  19  1:45  Orbital Command  
  19  1:48  Refinery  
  19  1:59  Reaper  
  20  2:02  Supply Depot  
  20  2:05  Reaper  
  21  2:13  Reaper  
  22  2:16  SCV  
  23  2:24  Supply Depot  
  23  2:36  Reaper  
  24  2:42  Reaper  
  24  2:43  SCV  
  27  2:51  Reaper  
  27  2:55  SCV  
  28  3:08  Reaper  
  29  3:14  Reaper  
  29  3:16  Command Center  
  29  3:29  SCV  
  31  3:41  Barracks Tech Lab  
  31  3:42  Barracks Reactor  
  30  3:51  Bunker  
  30  4:00  Barracks Reactor  
  30  4:01  Stimpack  
  30  4:02  SCV  
  31  4:04  Factory  
  31  4:21  Marine  
  31  4:22  Marine x2  
  34  4:25  SCV  
  35  4:31  Orbital Command  
  34  4:39  Marine x2  
  36  4:46  Marine  
  36  4:47  Marine x2  
  36  4:50  Engineering Bay, Starport  
  39  4:55  SCV  
  39  4:57  SCV  
  39  4:59  Factory Reactor  
  41  5:07  Marine x4, SCV  
  41  5:09  SCV  
  44  5:26  Missile Turret  
  44  5:27  Missile Turret  
  38  5:40  SCV x2  
  40  5:44  Medivac x2  
  40  5:49  Marine x3  
  45  5:50  Marine x2  
  45  5:54  Factory Tech Lab, SCV x2  
  51  6:06  SCV x2  
  52  6:20  Siege Tank  
  52  6:24  Marine x5, SCV x2  
  61  6:28  Barracks  
  61  6:29  Barracks  
  61  6:31  Supply Depot  
  61  6:44  SCV  
  62  6:51  SCV  
  61  7:00  Marine  
  61  7:01  Marine x3  
  57  7:09  Marine  
Show
View Real Time Build Order
Export as new Build Order

Revolution Terran 

Build Orders: Gas First Reaper Expand, Hellion Banshee 

Get SALT Encoding   

  12  0:01  SCV  
  13  0:13  SCV  
  14  0:19  Supply Depot  
  14  0:25  SCV  
  15  0:30  Refinery  
  15  0:44  Barracks  
  15  0:47  SCV  
  16  0:59  SCV  
  17  1:11  SCV  
  18  1:24  SCV  
  19  1:33  Reaper  
  19  1:36  Orbital Command  
  20  1:50  Command Center  
  20  2:01  Factory  
  20  2:05  SCV  
  21  2:13  Barracks Reactor  
  21  2:36  Supply Depot  
  20  2:38  SCV  
  20  2:42  Refinery  
  21  2:54  Starport  
  21  2:56  Hellion, Barracks Tech Lab  
  21  2:58  Hellion  
  25  3:01  Orbital Command  
  19  3:40  Hellion  
  20  3:58  Hellion  
  20  3:59  SCV  
  20  4:02  Hellion  
  25  4:05  SCV  
  26  4:10  Banshee  
  29  4:18  SCV x2  
  29  4:23  Cloaking Field  
  31  4:30  Hellion  
  34  4:31  SCV  
  34  4:34  SCV  
  29  4:51  Hellion  
  29  4:52  Hellion  
  33  4:58  Banshee  
  36  5:12  Hellion  
  36  5:13  Hellion  
  28  5:41  Hellion x2  
  25  6:34  SCV  
  26  6:46  SCV  
  23  6:58  SCV  
Show
View Real Time Build Order
Export as new Build Order

Catbasher Zerg 

Build Orders: Hatch First 

Get SALT Encoding   

  12  0:01  Drone  
  13  0:12  Overlord  
  13  0:18  Drone  
  14  0:31  Drone x2  
  14  0:35  Drone  
  17  0:46  Drone  
  18  1:01  Hatchery  
  18  1:02  Drone, Extractor  
  17  1:18  Spawning Pool  
  17  1:20  Drone  
  17  1:24  Drone  
  18  1:29  Drone  
  20  1:40  Drone  
  20  1:50  Overlord  
  20  2:05  Spine Crawler  
  20  2:07  Zergling x2  
  20  2:08  Queen  
  17  2:34  Zergling x6  
  18  2:48  Zergling x2  
  18  2:49  Zergling x2  
  20  3:00  Queen  
  22  3:09  Metabolic Boost  
  21  3:28  Roach Warren  
  21  3:31  Drone x2  
  22  3:34  Drone  
  18  4:14  Roach x4  
  18  4:16  Roach  
  28  4:25  Roach  
  30  4:41  Drone  
  30  4:42  Drone x3  
  34  4:55  Roach  
  36  5:09  Overlord  
  36  5:11  Overlord  
  36  5:15  Drone, Extractor  
  35  5:36  Roach  
  35  5:37  Roach x2  
  39  5:48  Roach x2  
  43  5:59  Roach x2  
  43  6:00  Roach x2  
  43  6:01  Overlord x3  
  51  6:18  Queen  
  51  6:23  Roach  
  51  6:24  Roach x4  
  63  6:28  Lair  
  63  6:30  Overlord  
  63  7:12  Roach  
  63  7:13  Roach x8  
  74  7:21  Spine Crawler x2  
  74  7:22  Spine Crawler  
  57  7:24  Spine Crawler x2  
  57  7:27  Spore Crawler  
Tags
 
Add a new tag
Caveats
  • Supply blocks, unpowered buildings, or Contaminate may cause inaccurate times.
  • Supply counts are checked every 10 seconds.